 Dungeon Crawl Stone Soup version 0.19.5 (webtiles) character file.

3 tidbits the Magician (level 1, 1/12 HPs)
             Began as a High Elf Wanderer on Oct 29, 2017.
             Quit the game on level 1 of the Dungeon.
             The game lasted 00:02:15 (154 turns).

tidbits the Magician (High Elf Wanderer)             Turns: 154, Time: 00:02:15

Health: 1/12       AC:  3    Str: 12    XL:     1   Next: 41%
Magic:  2/7        EV: 11    Int: 16    God:
Gold:   0          SH:  0    Dex: 12    Spells: 2 memorised, 7 levels left

rFire  . . .     SeeInvis .     (no weapon)
rCold  . . .     Gourm    .     d - +0 robe
rNeg   . . .     Faith    .     (no shield)
rPois  .         Spirit   .     E - +1 hat
rElec  .         Reflect  .     (no cloak)
rCorr  .         Harm     .     (no gloves)
MR     .....                    (no boots)
Stlth  ++........               (no amulet)
                                (no ring)
                                (no ring)

@: very slightly contaminated
A: no striking features
a: no special abilities


You were on level 1 of the Dungeon.
You were not hungry.

You visited 1 branch of the dungeon, and saw 1 of its levels.

Inventory:

Hand Weapons
 a - a +0 club
Missiles
 g - 9 poisoned needles
Armour
 d - a +0 robe (worn)
 E - a +1 hat (worn)
   (You found it on level 1 of the Dungeon)
Potions
 c - a potion of curing
Books
 b - the Almanac of the Compass

   Spells                             Type                      Level
   a - Apportation                    Translocation                1
   b - Teleport Other                 Translocation                3
 e - a book of Geomancy

   Spells                             Type                      Level
   a - Sandblast                      Earth                        1
   b - Passwall                       Transmutation/Earth          2
   c - Stone Arrow                    Conjuration/Earth            3
   d - Petrify                        Transmutation/Earth          4
   e - Lee's Rapid Deconstruction     Earth                        5
Comestibles
 f - a bread ration


   Skills:
 + Level 0.4 Fighting
 - Level 1.0 Throwing
 + Level 0.7 Dodging
 - Level 1.1 Stealth
 - Level 4.8 Spellcasting
   Level 2.4 Air Magic
 - Level 1.5 Earth Magic


You had 7 spell levels left.
You knew the following spells:

 Your Spells              Type           Power        Failure   Level  Hunger
a - Sandblast             Erth           #.....       10%         1    None
p - Apportation           Tloc           #.........   17%         1    None


Dungeon Overview and Level Annotations

Branches:
Dungeon (1/15)

Altars:


Message History

You swing at nothing.
You swing at nothing.
You swing at nothing.
You swing at nothing.
A kobold comes into view.
Found a scroll labeled LATOAW UKETYS.
You see here 9 poisoned needles.
g - 9 poisoned needles The kobold throws a stone.
The stone hits you but does no damage.
You see here a stone.
A giant cockroach comes into view.
The kobold throws a stone.
The stone barely misses you.
The kobold throws a stone.
The stone barely misses you.
Casting: Sandblast
Confirm with . or Enter, or press ? or * to list all spells.
Aiming: Sandblast
Press: ? - help, Shift-Dir - straight line, f - kobold
Aim: a kobold You miscast Sandblast.
You are very lightly contaminated with residual magic.
Nothing appears to happen.
Casting: Sandblast
Confirm with . or Enter, or press ? or * to list all spells.
Aiming: Sandblast
Press: ? - help, Shift-Dir - straight line, f/p - kobold
Aim: a kobold The blast of sand misses the kobold.
The kobold hits you but does no damage.
You hit the kobold but do no damage. The kobold closely misses you.
The kobold hits you.
You closely miss the kobold. The kobold barely misses you.
You closely miss the kobold. The kobold hits you but does no damage.
You closely miss the kobold. The kobold hits you but does no damage.
The kobold hits you.
* * * LOW HITPOINT WARNING * * *
You hit the kobold.
The kobold is heavily wounded.
The kobold hits you but does no damage.
You hit the kobold.
You kill the kobold!
You barely miss the giant cockroach. The giant cockroach bites you.
* * * LOW HITPOINT WARNING * * *
The giant cockroach closely misses you.
Sorry, you're not good enough to have a special ability.
You see here a stone.
h - a stone The giant cockroach bites you but does no damage.
Wield which item (- for none, * to show all)? (? for menu, Esc to quit)
h - a stone (in hand)
The giant cockroach bites you but does no damage.
Casting: Sandblast
Confirm with . or Enter, or press ? or * to list all spells.
Aiming: Sandblast
Press: ? - help, Shift-Dir - straight line, f - giant cockroach
Aim: a giant cockroach The rocky blast misses the giant cockroach.
You are now empty-handed.
The giant cockroach bites you but does no damage.
The giant cockroach bites you.
* * * LOW HITPOINT WARNING * * *
You see here 2 stones.
h - 2 stones The giant cockroach barely misses you.
The giant cockroach bites you but does no damage.
Casting: Sandblast
Confirm with . or Enter, or press ? or * to list all spells.
Aiming: Sandblast
Press: ? - help, Shift-Dir - straight line, f/p - giant cockroach
Aim: a giant cockroach You miscast Sandblast.
Sand pours from your hands.
The giant cockroach bites you but does no damage.
Wield which item (- for none, * to show all)? (? for menu, Esc to quit)
h - 2 stones (in hand)
Casting: Sandblast
Confirm with . or Enter, or press ? or * to list all spells.
Aiming: Sandblast
Press: ? - help, Shift-Dir - straight line, f/p - giant cockroach
Aim: a giant cockroach You miscast Sandblast.
You feel momentarily lethargic.
The giant cockroach bites you but does no damage.
The giant cockroach bites you.
* * * LOW HITPOINT WARNING * * *
Casting: Sandblast
Confirm with . or Enter, or press ? or * to list all spells.
Aiming: Sandblast
Press: ? - help, Shift-Dir - straight line, f/p - giant cockroach
Aim: a giant cockroach The rocky blast hits the giant cockroach.
The giant cockroach is severely wounded.
The giant cockroach bites you but does no damage.
Casting: Sandblast
Confirm with . or Enter, or press ? or * to list all spells.
Aiming: Sandblast
Press: ? - help, Shift-Dir - straight line, f/p - giant cockroach
Aim: a giant cockroach (severely wounded)
The rocky blast hits the giant cockroach.
The giant cockroach is severely wounded.
You are now empty-handed.
The giant cockroach closely misses you.
Are you sure you want to abandon this character and quit the game? (Confirm with "yes".)

.# .# ≈≈.# ##. #?# #≈≈.#
#.# ..# ≈≈.# #.# ..#
##≈≈# #.###.###### .#≈.#
#..........# .#≈.#
#.#.s.####.# .#≈≈##
#.#@....#
.'≈..#########.##..#.##.
##≈...........†..).......
≈≈≈.#####################
≈≈≈.# ≈≈≈.# ≈≈≈.# #####


You could see a giant cockroach.

Vanquished Creatures
  A bat (D:1)
  A kobold (D:1)
  A ball python (D:1)
3 creatures vanquished.

Notes
Turn   | Place    | Note
-------+----------+-------------------------------------------
     0 | D:1      | tidbits the High Elf Wanderer began the quest for the Orb.
     0 | D:1      | tidbits set off with: a book of Geomancy, the Almanac of the Compass, a potion of curing, a +0 robe, a +0 club, a bread ration
     0 | D:1      | Reached XP level 1. HP: 11/11 MP: 7/7
     7 | D:1      | Identified the Almanac of the Compass
     9 | D:1      | Learned a level 1 spell: Sandblast
    11 | D:1      | Learned a level 1 spell: Apportation
   151 | D:1      | HP: 1/12 [giant cockroach (2)]
   154 | D:1      | Quit the game

Action                   || total
-------------------------++-------
Melee: Club              ||    22
 Cast: Sandblast         ||     6
Armor: Robe              ||    27
Dodge: Dodged            ||    23

Table legend:
 A = Turns spent in this place as a percentage of turns spent in the entire game.
 B = Non-inter-level travel turns spent in this place as a percentage of non-inter-level travel turns spent in the entire game.
 C = Inter-level travel turns spent in this place as a percentage of turns spent in this place.
 D = Turns resting spent in this place as a percentage of non-inter-level travel turns spent in this place.
 E = Turns spent auto-exploring this place as a percentage of non-inter-level travel turns spent in this place.
 F = Non-inter-level travel turns spent in this place divided by the number of levels of this place that you've seen.
                   A       B       C       D       E      F
               +-------+-------+-------+-------+-------+----------------------
         Total | 100.0 | 100.0 |   0.0 |   0.0 |   0.0 | 168.0
       Dungeon | 100.0 | 100.0 |   0.0 |   0.0 |   0.0 | 168.0
               +-------+-------+-------+-------+-------+----------------------

Table legend:
 A = Kills in this place as a percentage of kills in entire the game.
 B = Kills by you in this place as a percentage of kills by you in the entire game.
 C = Kills by friends in this place as a percentage of kills by friends in the entire game.
 D = Other kills in this place as a percentage of other kills in the entire game.
 E = Experience gained in this place as a percentage of experience gained in the entire game.
 F = Experience gained in this place divided by the number of levels of this place that you have seen.
                   A       B       C       D       E      F
               +-------+-------+-------+-------+-------+----------------------
         Total | 100.0 | 100.0 |  -nan |  -nan | 100.0 |   5.0
       Dungeon | 100.0 | 100.0 |  -nan |  -nan | 100.0 |   5.0
               +-------+-------+-------+-------+-------+----------------------

Vault maps used:
D:1:      minmay_arrival_floating_metal, minmay_misc_feat_square
